 Dungeon Crawl Stone Soup version 0.31.0-11-ge490571c62 (webtiles) character file.

Game seed: 1790260705023460813

163 zenocrate the Scratcher (level 5, 27/27 HPs)
             Began as a Felid Shapeshifter on Jan 26, 2024.
             Quit the game on level 3 of the Dungeon.
             The game lasted 00:02:28 (1892 turns).

zenocrate the Scratcher (Felid Shapeshifter)        Turns: 1892, Time: 00:02:28

Health: 27/27      AC:  1    Str: 10    XL:     5   Next: 20%
Magic:  6/6        EV: 19    Int: 11    God:
Gold:   168        SH:  0    Dex: 18    Spells: 4/4 levels left
                                        Lives:  1   Deaths: 1

rFire   . .          .
                       - Unarmed
rCold   . . .        (shield unavailable)
rNeg    . . .        (body armour unavailable)
rPois   .            (helmet unavailable)
rElec   .            (cloak unavailable)
rCorr   +            (gloves unavailable)
SInv    +            (boots unavailable)
Will    .....        (no amulet)
Stlth   +++          f - ring of resist corrosion
HPRegen 0.24/turn    (no ring)
MPRegen 0.10/turn

%: no passive effects
@: beast-form
A: beast (slay +1), very small, claws 1, fangs 3, see invisible, shaggy fur 1,
stealthy paws, no weapons or thrown items, no armour, multi-lived, dopey 1,
inability to drink after injury 1
a: Begin Untransformation


You were on level 3 of the Dungeon.
You were a hulking beast.
You visited 1 branch of the dungeon, and saw 3 of its levels.

You collected 168 gold pieces.

Inventory:

Jewellery
 f - a ring of resist corrosion (left paw)
Talismans
 b - a beast talisman
 c - a flux talisman
Scrolls
 d - a scroll of poison {unknown}
 h - a scroll of teleportation {unknown}
 j - a scroll of blinking {unknown}
 k - a scroll of summoning {unknown}
 m - a scroll of identify {unknown}
Potions
 a - a potion of lignification
 i - a potion of might {unknown}
 l - a potion of curing {unknown}


   Skills:
 + Level 2.4 Fighting
 + Level 4.0 Dodging
 + Level 3.1 Stealth
 * Level 4.2 Unarmed Combat
 - Level 2.6 Shapeshifting


You had 4 spell levels left.
You didn't know any spells.
Your spell library contained the following spells:

 Spells                   Type           Power      Damage    Failure   Level
 Sandblast                Erth           0%         2d4       34%         1
 Passwall                 Erth           0%         N/A       71%         3
 Stone Arrow              Conj/Erth      0%         3d7       71%         3
 Brom's Barrelling Bould  Conj/Erth      0%         2d3       98%         4


Dungeon Overview and Level Annotations

Branches:
Dungeon (3/15)

Altars:


Innate Abilities, Weirdness & Mutations

You are a hulking beast.
Your limbs bulge with bestial killing power. (Slay +1)
You have sharp claws.
You have razor-sharp teeth.
You have supernaturally acute eyesight. (SInv)
You are covered in fur. (AC +1)
Your paws help you pounce on unaware monsters.
You are incapable of wielding weapons or throwing items.
You cannot wear armour.
You gain extra lives every three experience levels.
You are dopey. (Int -2)
You occasionally lose the ability to drink potions when taking damage.


Message History

Unknown command.
You feel sick.
Unknown command.
You feel sick. The orc misses you.
Unknown command.
You feel sick.
You are no longer poisoned.
Unknown command.
Okay, then.
Unknown command.
Unknown command.
You closely miss the orc. The orc closely misses you. x2
Unknown command.
You scratch the orc. Your bite misses the orc.
The orc is lightly wounded.
The orc misses you.
Unknown command.
You scratch the orc.
You kill the orc!
The orc wizard hits you with a +0 dagger.
* * * LOW HITPOINT WARNING * * *
The orc closely misses you.
Unknown command.
Unknown command.
You closely miss the orc wizard. The orc wizard closely misses you.
The orc hits you but does no damage.
Unknown command.
Unknown command.
The orc wizard casts a spell at you.
You easily resist.
Unknown command.
Unknown command.
Okay, then.
You barely miss the orc wizard.
The orc wizard hits you with a +0 dagger.
You die...
Your shape twists and changes as you die.
You rejoin the land of the living...
Unknown command.
Are you sure you want to abandon this character and quit the game? (Confirm with "yes".)

...#######................###....
...'.....'................# #....
...#######................# #....
...# ##............)......# #####
...###.............##########
..................#.........# .
...........########.........# #.
...#.......########.........# #.
.>...(.....†.†..h.+.........# #.
####......###.#####.........# #.
#......# #..# #.........# #.
#......# ##.# #......†..# #.
####......# #.#########o#### #.
..........# ##...### #..oo# #.
.....###### #..#...### ####o## #.
.....# ##.####...######..###o
###.## #..#..###.....###.....


There were no monsters in sight!

Vanquished Creatures
  A howler monkey (D:3)
  A hound (D:2)
  Robin (D:3)
  4 adders
  An orc (D:3)
  5 ball pythons
  2 endoplasms
  4 giant cockroaches
  11 goblins
  5 hobgoblins
  2 jackals (D:2)
  A quokka (D:2)
  4 bats
  2 frilled lizards
  A kobold (D:1)
  4 rats
49 creatures vanquished.

Notes
Turn   | Place    | Note
-------+----------+-------------------------------------------
     0 | D:1      | zenocrate the Felid Shapeshifter began the quest for the
                  | Orb.
     0 | D:1      | Reached XP level 1. HP: 10/10 MP: 2/2
   251 | D:1      | Reached skill level 1 in Stealth
   379 | D:1      | Reached XP level 2. HP: 13/14 MP: 3/3
   839 | D:2      | Reached XP level 3. HP: 10/18 MP: 4/4
  1390 | D:3      | Reached XP level 4. HP: 22/23 MP: 5/5
  1390 | D:3      | Gained a life (2 lives remaining)
  1566 | D:3      | Noticed Robin
  1577 | D:3      | Killed Robin
  1650 | D:3      | Reached XP level 5. HP: 26/26 MP: 6/6
  1874 | D:3      | Gained mutation: You are dopey. (Int -2) [potion of
                  | mutation]
  1874 | D:3      | Gained mutation: You occasionally lose the ability to drink
                  | potions when taking damage. [potion of mutation]
  1891 | D:3      | Slain by an orc wizard
  1891 | D:3      | Lost a life (1 life remaining)
  1892 | D:3      | Quit the game

Illustrated notes

Levels and vault maps discovered:
D:1:      denvon_arrival_planthouse, layout_loops_ring, roderic_roman_lattice,
          st_stairs_14
D:2:      layout_rooms, chequers_arboretum
D:3:      minmay_skewed_foursquare, layout_basic, uniq_robin

Skill      XL: |  1  2  3  4  5 |
---------------+----------------+-----
Stealth        | 1 2 3 |  3.1
Dodging        | 3 4 |  4.0
Fighting       | 2 |  2.4
Unarmed Combat | 4 |  4.2
Shapeshifting  | |  2.6

Action                     |  1- 3 |  4- 6 || total
---------------------------+-------+-------++-------
  Melee: Unarmed           |    59 |    58 ||   117
         Bite              |     5 |     4 ||     9
         Punch             |     1 |     3 ||     4
    Use: Potion            |       |     2 ||     2
   Stab: Distracted        |     1 |       ||     1
         Sleeping          |     3 |       ||     3
 Armour: Skin              |    19 |    25 ||    44
  Dodge: Dodged            |    60 |    63 ||   123
